 Dungeon Crawl Stone Soup version 0.25.1-2-g60ff931df9 (webtiles) character file.

Game seed: 6350287857475331109

90 Curus the Poker (level 4, -2/37 HPs)
             Began as a Minotaur Gladiator on Sept 21, 2020.
             Slain by an orc wizard
             ... wielding a +0 dagger
              (3 damage)
             ... on level 4 of the Dungeon.
             The game lasted 00:11:20 (2151 turns).

Curus the Poker (Minotaur Gladiator)                Turns: 2151, Time: 00:11:21

Health: -2/37      AC:  5    Str: 17 (18) XL:     4   Next: 32%
Magic:  3/3        EV: 12    Int:  5 (6)  God:
Gold:   172        SH:  0    Dex: 12      Spells: 3/3 levels left

rFire    . . .     SeeInvis .   a - +0 trident
rCold    . . .     Gourm    .   (no shield)
rNeg     . . .     Faith    .   b - +0 leather armour
rPois    .         Spirit   .   c - +0 hat
rElec    .         Reflect  .   (no cloak)
rCorr    .         Harm     .   h - +1 pair of gloves
MR       .....                  (no boots)
Stlth    +.........             (no amulet)
HPRegen  0.12/turn              (no ring)
MPRegen  0.08/turn              (no ring)

@: drained
A: retaliatory headbutt, horns 2, blink, subdued magic 1
a: Blink


You were on level 4 of the Dungeon.
You were not hungry.

You visited 1 branch of the dungeon, and saw 4 of its levels.

You collected 172 gold pieces.

Inventory:

Hand Weapons
 a - a +0 trident (weapon)
Missiles
 d - 3 throwing nets (quivered)
Armour
 b - a +0 leather armour (worn)
 c - a +0 hat (worn)
 h - a +1 pair of gloves (worn)
Wands
 g - a wand of acid (11)
 k - a wand of random effects (7)
Scrolls
 e - 3 scrolls of teleportation
 i - a scroll of fog
Potions
 j - a potion of brilliance
 l - a potion of heal wounds
 n - a potion of lignification
Comestibles
 f - 8 rations
 m - 4 chunks of flesh


   Skills:
 - Level 2.4(1.5) Fighting
 + Level 6.3(5.3) Polearms
 - Level 2.0(1.1) Throwing
 - Level 3.2(2.3) Dodging


You had 3 spell levels left.
You didn't know any spells.
Your spell library was empty.

Dungeon Overview and Level Annotations

Branches:
Dungeon (4/15)
 Temple: D:4-7

Altars:
Fedhas


Innate Abilities, Weirdness & Mutations

You reflexively headbutt those who attack you in melee.
You have a pair of horns on your head.
You can translocate small distances at will.
Your spells are a little easier to cast, but a little less powerful.


Message History

The orc wizard casts a spell at you. The magic dart hits you.
You barely miss the orc wizard.
The orc wizard is heavily wounded.
The orc wizard hits you with a +0 dagger of draining.
You feel drained.
The orc wizard hits you with a +0 dagger.
You puncture the orc wizard!
You kill the orc wizard!
You feel your strength returning.
You feel your dexterity returning.
Your base Polearms skill increases to level 6!
You have reached level 4!
You feel agile. The orc wizard casts a spell at you.
The puff of flame hits you!
* * * LOW HITPOINT WARNING * * *
You completely miss the orc wizard.
The orc wizard is lightly wounded.
The orc wizard hits you with a +0 dagger.
You die...

##.....##
#.......#
#.......#
#.....÷.## .
#........# ..
#........### ...
#........÷.###
....
#......###...###
..... #.....##
#..@oo#......
#......
#...#o)..$...
##..)..
#.....##.....#
#....# #.....#
#...# ...
#...### ..#
##### ..


You could see an orc wizard and 2 orcs.

Vanquished Creatures
  An orc wizard (D:4)
  An adder (D:3)
  4 leopard geckos
  An orc (D:4)
  A ball python (D:3)
  6 bats
  2 giant cockroaches
  5 goblins
  7 hobgoblins
  6 kobolds
  2 quokkas
  A frilled lizard (D:2)
  6 rats
43 creatures vanquished.

Notes
Turn   | Place    | Note
-------+----------+-------------------------------------------
     0 | D:1      | Curus the Minotaur Gladiator began the quest for the Orb.
     0 | D:1      | Reached XP level 1. HP: 18/18 MP: 0/0
   155 | D:1      | Reached skill level 4 in Polearms
   217 | D:1      | Reached XP level 2. HP: 16/25 MP: 1/1
   609 | D:2      | Gained mutation: Your spells are a little easier to cast,
                  | but a little less powerful. [potion of mutation]
   609 | D:2      | Gained mutation: You can translocate small distances at
                  | will. [potion of mutation]
   821 | D:2      | Reached skill level 5 in Polearms
  1148 | D:2      | Found a blossoming altar of Fedhas.
  1323 | D:3      | Reached XP level 3. HP: 10/30 MP: 2/2
  2149 | D:4      | Reached skill level 6 in Polearms
  2149 | D:4      | Reached XP level 4. HP: 13/37 MP: 3/3
  2149 | D:4      | HP: 1/37 [orc wizard/puff of flame (12)]
  2151 | D:4      | Slain by an orc wizard

Illustrated notes

Levels and vault maps discovered:
D:1:      dpeg_arrival_radiant, layout_rooms
D:2:      wander_river, layout_basic, lemuel_doored_altar, first_ration
D:3:      layout_rooms, minmay_goblin_kobold_house
D:4:      layout_cave_pods

Skill      XL: |  1  2  3 |
---------------+----------+-----
Polearms       | 4 5 6 |  6.3
Fighting       | |  2.4
Throwing       | |  2.0
Dodging        | |  3.2

Action                   |  1- 3 |  4- 6 || total
-------------------------+-------+-------++-------
Melee: Trident           |   116 |     1 ||   117
       Headbutt          |    17 |       ||    17
  Use: Scroll            |     9 |       ||     9
       Potion            |     7 |       ||     7
 Stab: Sleeping          |     2 |       ||     2
  Eat: Chunk             |     4 |       ||     4
Armor: Leather armour    |    27 |       ||    27
Dodge: Dodged            |    56 |       ||    56
